 Dungeon Crawl Stone Soup version 0.29-a0-902-g0f71de6fce (webtiles) character file.

Game seed: 4469406939093183607

175 jt the Trooper (level 5, 0/43 HPs)
             Began as a Palentonga Hedge Wizard on July 24, 2022.
             Frozen to death by an endoplasm (2 damage)
             ... on level 4 of the Dungeon.
             The game lasted 00:06:47 (3770 turns).

jt the Trooper (Palentonga Hedge Wizard)            Turns: 3770, Time: 00:06:48

Health: 0/43       AC:  6    Str: 13    XL:     5   Next: 29%
Magic:  0/9        EV:  9    Int: 17    God:
Gold:   122        SH:  0    Dex:  9    Spells: 2/10 levels left

rFire   + . .      SeeInvis +   a - +1 dagger (venom)
rCold   . . .      Faith    .   (no shield)
rNeg    . . .      Spirit   .   b - +0 robe
rPois   .          Reflect  .   k - +1 helmet
rElec   .          Harm     .   (no cloak)
rCorr   .          Rampage  .   (no gloves)
Will    .....                   (no barding)
Stlth   +.........              (no amulet)
HPRegen 0.14/turn               q - ring of protection from fire
MPRegen 0.11/turn               (no ring)

@: weak-willed, very slightly contaminated, invisible
A: large, rugged brown scales 3, see invisible, deformed body, roll 1, armoured
tail
a: Rolling Charge


You were on level 4 of the Dungeon.
You visited 1 branch of the dungeon, and saw 4 of its levels.

You collected 158 gold pieces.
You spent 36 gold pieces at shops.

Inventory:

Hand Weapons
 a - a +1 dagger of venom (weapon)
 f - a +0 whip
 i - a +0 flail
 l - a +0 hand axe
 m - a +0 spear
 o - a +0 dagger
Missiles
 j - 20 stones
 r - 2 poisoned darts
Armour
 b - a +0 robe (worn)
 c - a +0 hat
 k - a +1 helmet (worn)
Magical Staves
 h - a staff of cold
Jewellery
 q - a ring of protection from fire (left hand)
Scrolls
 e - a scroll of magic mapping
 n - a scroll of immolation
 p - 4 scrolls of teleportation
 s - a scroll of vulnerability
 w - 2 scrolls of identify
Potions
 d - a potion of magic
 u - a potion of curing
 v - a potion of brilliance


   Skills:
 - Level 3.5 Fighting
 - Level 1.5 Dodging
 - Level 1.2 Stealth
 + Level 3.3 Spellcasting
 + Level 1.5 Conjurations
 - Level 1.2 Summonings
 + Level 1.8 Translocations
 - Level 0.6 Ice Magic
 + Level 0.4 Air Magic
 + Level 0.2 Poison Magic


You had 2 spell levels left.
You knew the following spells:

 Your Spells              Type           Power      Damage    Failure   Level
a - Magic Dart            Conj           28%        1d4       9%          1
b - Blink                 Tloc           16%        N/A       12%         2
c - Call Imp              Summ           7%         N/A       16%         2
d - Mephitic Cloud        Conj/Pois/Air  5%         N/A       36%         3

Your spell library contained the following spells:

 Spells                   Type           Power      Damage    Failure   Level
 Slow                     Hex            8%         N/A       17%         1
 Static Discharge         Conj/Air       6%         3-4/arc   17%         2
 Conjure Flame            Conj/Fire      5%         6-21      36%         3
 Ignite Poison            Fire/Tmut/Pois 3%         N/A       45%         3
 Sticky Flame             Conj/Fire      5%         2d3       77%         4
 Dispel Undead            Necr           2%         3d7       86%         4
 Freezing Cloud           Conj/Ice/Air   2%         6-21      97%         5


Dungeon Overview and Level Annotations

Branches:
Dungeon (4/15)
 Temple: D:4-7

Altars:

Shops:
D:3 ?

Annotations:
D:2 1 runed translucent door, Crazy Yiuf, Terence
D:4 Blork the orc, Edmund


Innate Abilities, Weirdness & Mutations

You are completely covered in rugged brown scales. (AC +3, +7% HP)
You have supernaturally acute eyesight. (SInv)
Armour fits poorly on your strangely shaped body.
You can roll at nearby foes to attack.
You have a long armoured tail.


Message History

The floor.
You aren't carrying any items that you can evoke.
You hit Edmund but do no damage.
Edmund is poisoned.
The endoplasm freezes you.
You are frozen.
Edmund hits you with a +3 antimagic flail!
You feel your power leaking away.
Casting: Mephitic Cloud (quite dangerous; 36% risk of failure)
Confirm with . or Enter, or press ? or * to list all spells.
Okay, then.
Unknown command.
Okay, then.
As you read the scroll labelled ISTAMI CELAEN, it crumbles to dust.
Magic quickly surges around you.
It was a scroll of vulnerability.
The endoplasm hits you but does no damage.
Edmund hits you with a +3 antimagic flail!
Press: ? - help, v - describe, . - travel
Here: Edmund, wielding a +3 antimagic flail, wearing a +4 ring mail of cold resistance and carrying a wand of quicksilver (11) (unable to see you, very poisoned, weak-willed)
The floor.
You feel better. Blork the orc hits you with a +0 mace.
Blork the orc hits you with a +0 mace!
* * * LOW HITPOINT WARNING * * *
The endoplasm hits you.
* * * LOW HITPOINT WARNING * * *
Edmund barely misses you.
As you read the scroll labelled VYH GOM AWIUHI, it crumbles to dust.
It is a scroll of enchant armour.
Your +0 helmet glows green for a moment.
Blork the orc looks angry.
Blork the orc hits you with a +0 mace.
* * * LOW HITPOINT WARNING * * *
The endoplasm hits you but does no damage.
Edmund misses you.
Press: ? - help, v - describe, . - travel
Here: Edmund, wielding a +3 antimagic flail, wearing a +4 ring mail of cold resistance and carrying a wand of quicksilver (11) (lightly wounded, unable to see you, very poisoned, weak-willed)
The floor.
Blork the orc barely misses you. The endoplasm freezes you.
You are frozen.
You die...

## ##### ..# #...#######
#.#########......[..g
#.#....g.J)..!###### .#
#.#.########......... .#
#.#.# #.##.#####
.###########.#.#######... .#
.#>..#..........J.@....... #
.#........##....@o.<.#...#.
.#...#.##.................#.
.##.##.#####...######...##
## .##.##.#####...# ..#
...............# .#
###..#.######..# # ##.#..#
#..# ##..##.### #..##
#.#....... ...#


You could see Edmund (unable to see you, poisoned, weak-willed), Blork the orc
(fast, unable to see you, weak-willed) and an endoplasm (weak-willed).

Vanquished Creatures
  Jessica (D:3)
  Robin (D:1)
  4 adders (D:2)
  3 gnolls (D:4)
  2 worms (D:3)
  2 orcs (D:3)
  6 endoplasms
  11 goblins
  4 hobgoblins
  7 jackals
  2 kobolds
  A quokka (D:2)
  4 ball pythons
  7 bats
  4 frilled lizards
  4 rats
63 creatures vanquished.

Vanquished Creatures (others)
  A hobgoblin (D:4)
1 creature vanquished.

Grand Total: 64 creatures vanquished

Notes
Turn   | Place    | Note
-------+----------+-------------------------------------------
     0 | D:1      | jt the Palentonga Hedge Wizard began the quest for the Orb.
     0 | D:1      | Reached XP level 1. HP: 13/13 MP: 4/4
    85 | D:1      | Reached skill level 1 in Fighting
   117 | D:1      | Reached XP level 2. HP: 12/23 MP: 1/6
  1295 | D:2      | Found a runed translucent door.
  1296 | D:2      | Noticed Crazy Yiuf
  1395 | D:2      | Reached XP level 3. HP: 12/29 MP: 2/7
  1797 | D:2      | Learned a level 2 spell: Blink
  1800 | D:2      | Learned a level 2 spell: Call Imp
  2059 | D:2      | Noticed Terence
  2069 | D:2      | Reached skill level 1 in Conjurations
  2069 | D:2      | Reached XP level 4. HP: 34/37 MP: 8/8
  2369 | D:2      | Noticed Robin
  2452 | D:1      | Killed Robin
  2453 | D:1      | Reached skill level 1 in Summonings
  2685 | D:3      | Noticed Jessica
  2690 | D:3      | Found Xillo's Magic Scroll Boutique.
  2696 | D:3      | Killed Jessica
  2723 | D:3      | Bought a scroll of teleportation for 36 gold pieces
  2833 | D:3      | Learned a level 3 spell: Mephitic Cloud
  3072 | D:3      | Reached XP level 5. HP: 34/43 MP: 6/9
  3760 | D:4      | Noticed Edmund
  3760 | D:4      | Noticed Blork the orc
  3769 | D:4      | HP: 2/43 [Blork the orc/+0 mace (5)]
  3770 | D:4      | Frozen to death by an endoplasm

Illustrated notes

Levels and vault maps discovered:
D:1:      nzn_arrival_depleted_hourglass, layout_basic, st_stairs_3,
          minmay_tromino_v2
D:2:      layout_rooms, uniq_crazy_yiuf_cottage, uniq_robin, uniq_terence
D:3:      layout_loops_cross, serial_shops, shop, chequers_hall_statues_y,
          uniq_jessica
D:4:      layout_loops_ring, uniq_sigmund, uniq_edmund, uniq_blork_the_orc

Skill      XL: |  1  2  3  4 |
---------------+-------------+-----
Fighting       | 1 2 3 |  3.5
Conjurations   | 1 |  1.5
Summonings     | 1 |  1.2
Dodging        | |  1.5
Stealth        | |  1.2
Spellcasting   | |  3.3
Translocations | |  1.8
Ice Magic      | |  0.6
Air Magic      | |  0.4
Poison Magic   | |  0.2

Action                   |  1- 3 |  4- 6 || total
-------------------------+-------+-------++-------
Melee: Dagger            |    75 |    58 ||   133
       Tailslap          |     9 |    10 ||    19
       Spear             |     5 |       ||     5
       Punch             |     2 |       ||     2
 Cast: Magic Dart        |    46 |    54 ||   100
 Abil: Rolling Charge    |     2 |     3 ||     5
  Use: Potion            |     2 |     4 ||     6
       Scroll            |       |     9 ||     9
Armor: Robe              |    33 |    12 ||    45
Dodge: Dodged            |    47 |    24 ||    71

Table legend: (Time is in decaauts)
 A = Elapsed time spent in this place.
 B = Non-inter-level travel time spent in this place.
 C = Inter-level travel time spent in this place.
 D = Time resting spent in this place.
 E = Time spent auto-exploring this place.
 F = Levels seen in this place.
 G = Mean time per level.
                   A        B        C        D        E       F      G
               +--------+--------+--------+--------+--------+-----+--------+
         Total |   3778 |   3620 |    158 |   1146 |   1776 |   4 |  944.5 |
       Dungeon |   3778 |   3620 |    158 |   1146 |   1776 |   4 |  944.5 |
               +--------+--------+--------+--------+--------+-----+--------+

Top non-repeatable levels by time:
     D:1: 1923 daAuts
     D:3: 907 daAuts
     D:2: 710 daAuts
     D:4: 236 daAuts
